 Dungeon Crawl Stone Soup version 0.18.1-48-g4cf74bf (webtiles) character file.

326 PsychoReaper the Ducker (level 6, -35/50 HPs)
             Began as a Draconian Transmuter on Aug 9, 2016.
             Killed from afar by a lich (45 damage)
             ... with a bolt of fire
             ... on level 1 of the Abyss.
             The game lasted 00:31:59 (4248 turns).

PsychoReaper the Ducker (Draconian Transmuter)      Turns: 4248, Time: 00:32:00

Health: -35/50     AC: 13    Str: 14    XL:     6   Next: 24%
Magic:  9/9        EV: 13    Int: 14    God:
Gold:   172        SH:  0    Dex: 11    Spells: 1 memorised, 6 levels left

rFire  x . .     SeeInvis .     f - +0 short sword
rCold  + . .     Gourm    .     (armour unavailable)
rNeg   . . .     Faith    .     (no shield)
rPois  +         Spirit   .     (helmet restricted)
rElec  .         Dismiss  .     (no cloak)
rCorr  .         Reflect  .     k - +1 pair of gloves (curse)
SustAt .         Harm     .     w - +0 pair of boots
MR     +....                    l - amulet of inaccuracy (curse)
Stlth  +.........               g - ring of ice
                                e - +4 ring of protection

@: somewhat resistant to hostile enchantments, very unstealthy
A: unfitting armour, magic resistance 1, poison resistance, cold-blooded, AC +6
a: no special abilities


You were on level 1 of the Abyss.
You were not hungry.

You visited 1 branch of the dungeon, and saw 4 of its levels.
You visited the Abyss 1 time.

You collected 172 gold pieces.

Inventory:

Hand Weapons
 f - a +0 short sword (weapon)
Missiles
 a - 60 arrows
 m - 15 poisoned needles
Armour
 d - a +0 ring mail
 k - a cursed +1 pair of gloves (worn)
 w - a +0 pair of boots (worn)
Jewellery
 e - a +4 ring of protection (left hand)
 g - a ring of ice (right hand)
 h - an uncursed ring of protection from cold
 l - a cursed amulet of inaccuracy (around neck)
Scrolls
 i - 3 scrolls of identify {unknown}
 j - a scroll of enchant armour
 n - 2 scrolls of immolation {unknown}
 p - a scroll of fog
 u - a scroll of random uselessness {unknown}
 v - a scroll of teleportation
Potions
 c - a potion of heal wounds
 o - a potion of curing
 q - a potion of flight
Books
 b - a book of Changes

   Spells                             Type                      Level
   a - Beastly Appendage              Transmutation                1
   b - Sticks to Snakes               Transmutation                2
   c - Spider Form                    Transmutation/Poison         3
   d - Ice Form                       Ice/Transmutation            4
   e - Blade Hands                    Transmutation                5
Comestibles
 r - 7 chunks of flesh
 s - a meat ration
 t - a royal jelly


   Skills:
 + Level 2.5 Fighting
 + Level 1.0 Short Blades
 + Level 4.7 Dodging
 + Level 0.6 Stealth
 + Level 3.4 Unarmed Combat
 + Level 2.4 Spellcasting
 + Level 2.3 Transmutations
 + Level 0.8 Poison Magic


You had 6 spell levels left.
You knew the following spells:

 Your Spells              Type           Power        Failure   Level  Hunger
b - Spider Form           Trmt/Pois      #.........   38%         3    ###....


Dungeon Overview and Level Annotations

Branches:
Dungeon (4/15)
 Temple: D:4-7

Altars:
Dithmenos
Elyvilon
Fedhas
Trog
Zin

Shops:
D:4 }


Innate Abilities, Weirdness & Mutations

Your plain brown scales are hard (AC +6).
Your body does not fit into most forms of armour.
You are cold-blooded and may be slowed by cold attacks.
You are resistant to hostile enchantments.
Your system is resistant to poisons.


Message History

Found 7 stones.
A lich comes into view.
The lich moves out of view.
The lich is too close now for your liking.
Press: ? - help, v - describe, . - travel The floor.
The lich gestures at you while chanting.
The bolt of fire hits you! The fire burns you terribly!
Ouch! That really hurt!
* * * LOW HITPOINT WARNING * * *
The lich casts a spell at you.
You struggle to resist.
The lich casts a spell.
The lich flickers and vanishes!
Deactivating autopickup; reactivate with Ctrl-A.
You hear some strange, mumbled words.
A bolt of fire appears from out of thin air!
The bolt of fire hits you! The fire burns you terribly!
Ouch! That really hurt!
You die...

.# #. ### .. ..# .
#.# ## . ..##.#..
..# .# ...#.##.#
#.# . #..#.# .. #
. ## #.@.###.# ..
## # . #....#.###
.... .. .
#..#...#.#####..##
.# . .##.#....#.
#.... .. ##
.#####.##..# ...
.# #. (
.###.###..#. ..# #
# # ..#.##..#..#.
. ###.# #.##.## .#
. ...#..
####.##.## ..#


There were no monsters in sight!

Vanquished Creatures
  The ghost of Joat the Firebug, an amateur DEFE of Vehumet (D:3)
  A hound (D:4)
  An orc priest (D:4)
  A giant frog skeleton (D:4)
  A hound skeleton (D:4)
  4 adders (D:2)
  An ooze (D:2)
  2 worms
  3 dart slugs
  2 giant geckos
  7 orcs
  A ball python (D:2)
  12 bats
  4 giant cockroaches
  7 goblins
  15 hobgoblins
  9 jackals
  8 kobolds
  A quokka (D:3)
  3 giant newts
  7 rats
91 creatures vanquished.

Vanquished Creatures (others)
  A giant gecko (D:4)
1 creature vanquished.

Grand Total: 92 creatures vanquished

Notes
Turn   | Place    | Note
--------------------------------------------------------------
     0 | D:1      | PsychoReaper the Draconian Transmuter began the quest for the Orb.
     0 | D:1      | Reached XP level 1. HP: 16/16 MP: 3/3
   174 | D:1      | Reached XP level 2. HP: 5/23 MP: 5/5
   593 | D:1      | Reached skill level 2 in Dodging
   650 | D:1      | Reached XP level 3. HP: 21/28 MP: 4/6
  1183 | D:2      | Learned a level 3 spell: Spider Form
  1438 | D:2      | Reached XP level 4. HP: 36/36 MP: 7/7
  1504 | D:2      | Reached skill level 3 in Dodging
  1535 | D:2      | Gained mutation: You are resistant to hostile enchantments. [potion of mutation]
  1535 | D:2      | Gained mutation: Your system is resistant to poisons. [potion of mutation]
  1843 | D:2      | Found a shadowy altar of Dithmenos.
  1943 | D:2      | Found a glowing silver altar of Zin.
  1943 | D:2      | Found a blossoming altar of Fedhas.
  2694 | D:3      | Noticed Joat's ghost (amateur DEFE)
  2820 | D:4      | Found a white marble altar of Elyvilon.
  2861 | D:4      | Reached XP level 5. HP: 17/41 MP: 1/8
  3119 | D:4      | Found Kulatter's Gadget Shoppe.
  3125 | D:4      | Noticed a phantom
  3170 | D:4      | Reached skill level 4 in Dodging
  3200 | D:4      | Reached skill level 1 in Short Blades
  3959 | D:3      | Killed Joat's ghost
  3959 | D:3      | Reached XP level 6. HP: 46/50 MP: 6/9
  4147 | D:3      | Found a bloodstained altar of Trog.
  4162 | D:3      | Cast into level 1 of the Abyss (orc)
  4230 | Abyss:1  | Noticed a lich
  4248 | Abyss:1  | Killed from afar by a lich

Skill      XL: |  1  2  3  4  5 |
---------------+----------------+-----
Dodging        | 2 3 4 |  4.7
Fighting       | 2 |  2.5
Short Blades   | 1 |  1.0
Stealth        | |  0.6
Unarmed Combat | |  3.4
Spellcasting   | |  2.4
Transmutations | |  2.3
Poison Magic   | |  0.8

Action                   |  1- 3 |  4- 6 || total
-------------------------+-------+-------++-------
Melee: Unarmed           |    13 |    59 ||    72
       Headbutt          |     5 |       ||     5
       Kick              |     6 |       ||     6
       Short sword       |   143 |   310 ||   453
       Tailslap          |    11 |    24 ||    35
       Punch             |     2 |     4 ||     6
 Cast: Beastly Appendage |     9 |       ||     9
       Spider Form       |       |     8 ||     8
  Use: Potion            |     3 |     4 ||     7
       Scroll            |     3 |     3 ||     6
 Stab: Sleeping          |       |     1 ||     1
  Eat: Chunk             |     1 |     3 ||     4
       Meat ration       |     1 |       ||     1
       Bread ration      |       |     1 ||     1
Armor: Skin              |   171 |   146 ||   317
Dodge: Dodged            |   211 |   319 ||   530
